 Dungeon Crawl Stone Soup version 0.31-a0-236-g9a0961fb85 (webtiles) character file.

Game seed: 11269526839044541112

366 Anon1729 the Trooper (level 6, -7/55 HPs)
             Began as a Minotaur Monk on July 10, 2023.
             Was a Follower of Uskayaw.
             Mangled by an orc priest
             ... wielding a +0 morningstar
              (11 damage)
             ... on level 4 of the Dungeon.
             The game lasted 00:01:01 (2618 turns).

Anon1729 the Trooper (Minotaur Monk)                Turns: 2618, Time: 00:01:02

Health: -7/55      AC:  3    Str: 16    XL:     6   Next: 40%
Magic:  0/6        EV: 13    Int:  7    God:    Uskayaw [*.....]
Gold:   223        SH:  0    Dex: 14    Spells: 5/5 levels left

rFire   . . .        a - +0 short sword
rCold   . . .        d - orb {light}
rNeg    . . .        b - +0 robe
rPois   .            (helmet restricted)
rElec   .            u - scarf {shadows}
rCorr   .            (no gloves)
SInv    .            j - +0 pair of boots
Will    .....        (no amulet)
Stlth   +            (no ring)
HPRegen 0.29/turn    (no ring)
MPRegen 0.10/turn

%: no passive effects
@: glowing
A: horns 2, retaliatory headbutt
a: Renounce Religion, Stomp


You were on level 4 of the Dungeon.
You worshipped Uskayaw.
Uskayaw was noncommittal.
You visited 1 branch of the dungeon, and saw 4 of its levels.

You collected 223 gold pieces.

Inventory:

Hand Weapons
 a - a +0 short sword (weapon)
Armour
 b - a +0 robe (worn)
 d - an orb of light (worn)
 j - a +0 pair of boots (worn)
 u - a scarf of shadows (worn)
Jewellery
 o - a ring of fire
Scrolls
 e - 2 scrolls of immolation {unknown}
 f - a scroll of poison {unknown}
 g - 2 scrolls of vulnerability {unknown}
 h - a scroll of amnesia {unknown}
 i - 4 scrolls of identify {unknown}
 k - a scroll of silence {unknown}
 n - 2 scrolls of blinking {unknown}
 s - a scroll of noise {unknown}
Potions
 c - 2 potions of ambrosia
 l - a potion of degeneration {unknown}
 m - a potion of mutation {unknown}
 p - a potion of attraction {unknown}
 q - a potion of brilliance {unknown}
 r - 3 potions of enlightenment {unknown}
 t - a potion of invisibility {unknown}
 v - a potion of heal wounds {unknown}


   Skills:
 + Level 4.8 Fighting
 + Level 4.3 Short Blades
 + Level 2.9 Armour
 + Level 4.4 Dodging
 + Level 2.1 Stealth
 + Level 2.3 Invocations


You had 5 spell levels left.
You didn't know any spells.
Your spell library contained the following spells:

 Spells                   Type           Power      Damage    Failure   Level
 Blink                    Tloc           0%         N/A       56%         2
 Manifold Assault         Tloc           0%         N/A       99%         4
 Storm Form               Tmut/Air       0%         N/A       100%        7


Dungeon Overview and Level Annotations

Branches:
Dungeon (4/15)
 Temple: D:4-7

Altars:
Gozag
Uskayaw

Shops:
D:2 *


Innate Abilities, Weirdness & Mutations

You have a pair of horns on your head.
You reflexively headbutt those who attack you in melee.


Message History

The orc warrior is moderately wounded.
The orc misses you. You furiously retaliate!
You headbutt the orc.
The orc warrior hits you with a +0 scimitar!
The orc priest hits you with a +0 morningstar.
You can now pass through a line of other dancers.
You are too injured to fight recklessly!
You are too injured to fight recklessly!
You are too injured to fight recklessly!
You are too injured to fight recklessly!
You are too injured to fight recklessly!
You are too injured to fight recklessly!
You are too injured to fight recklessly!
You are too injured to fight recklessly!
You are too injured to fight recklessly!
You are too injured to fight recklessly!
You are too injured to fight recklessly!
You are too injured to fight recklessly!
You are too injured to fight recklessly!
You are too injured to fight recklessly!
You are too injured to fight recklessly!
You are too injured to fight recklessly!
You stomp with the beat, sending a shockwave through the revellers around you!
You kill the orc!
The orc warrior is heavily wounded.
You can no longer pass through a line of other dancers.
You stomp with the beat, sending a shockwave through the revellers around you!
The orc priest is heavily wounded.
The orc warrior is severely wounded.
You can no longer stomp with the beat.
The orc warrior hits you with a +0 scimitar!
* * * LOW HITPOINT WARNING * * *
The orc priest mumbles some strange prayers to Beogh against you.
You barely resist.
You can now stomp with the beat.
You hit the orc priest but do no damage.
The orc priest is heavily wounded.
The orc warrior hits you with a +0 scimitar.
* * * LOW HITPOINT WARNING * * *
The orc priest hits you with a +0 morningstar!
You die...

##......# ... .
#....>## ###.#.#.
#####...# ........
..# #...# ..#.#..#
#.###...# #......#
#.#.....#
#..#...#####.#.##..#
#....oo#...........#
#....#@#.###.#....##
#............######
#........#####
#.###....# #
......## ......#
########


You could see an orc warrior and an orc priest.

Vanquished Creatures
  A water moccasin (D:4)
  A phantom (D:4)
  A scorpion (D:4)
  A jelly (D:4)
  2 adders
  A shadow imp (D:3)
  3 worms
  A dart slug (D:1)
  3 orcs
  7 ball pythons
  4 bats
  5 endoplasms
  A giant cockroach (D:3)
  5 goblins
  9 hobgoblins
  3 quokkas
  3 frilled lizards
  6 kobolds
  9 rats
66 creatures vanquished.

Notes
Turn   | Place    | Note
-------+----------+-------------------------------------------
     0 | D:1      | Anon1729 the Minotaur Monk began the quest for the Orb.
     0 | D:1      | Reached XP level 1. HP: 19/19 MP: 0/0
   159 | D:1      | Reached XP level 2. HP: 27/27 MP: 1/1
   511 | D:1      | Reached skill level 1 in Armour
   682 | D:2      | Reached skill level 1 in Invocations
   682 | D:2      | Reached XP level 3. HP: 33/33 MP: 2/2
   814 | D:2      | Found Aceupek's Assorted Antiques.
   854 | D:2      | Reached skill level 1 in Stealth
  1472 | D:3      | Reached XP level 4. HP: 29/40 MP: 3/3
  1551 | D:3      | Found an opulent altar of Gozag.
  1834 | D:3      | Found a hide-covered altar of Uskayaw.
  2106 | D:3      | Became a worshipper of Uskayaw the Reveller
  2106 | D:3      | Reached * piety under Uskayaw
  2208 | D:4      | Noticed a phantom
  2218 | D:4      | Reached ** piety under Uskayaw
  2225 | D:4      | Reached *** piety under Uskayaw
  2226 | D:4      | Killed a phantom
  2227 | D:4      | Reached XP level 5. HP: 35/47 MP: 5/5
  2311 | D:4      | Noticed a water moccasin
  2317 | D:4      | Killed a water moccasin
  2318 | D:4      | Reached XP level 6. HP: 38/53 MP: 6/6
  2608 | D:4      | Noticed an orc warrior
  2618 | D:4      | Mangled by an orc priest

Illustrated notes

Levels and vault maps discovered:
D:1:      mainiacjoe_arrival_reflecting_pool, layout_loops_ring
D:2:      minmay_chambers_of_twos, layout_loops_ring, serial_shops, shop
D:3:      layout_loops_ring, amcnicky_altar_gilded,
          mainiacjoe_overflow_boulevard, minmay_misc_feat_cross
D:4:      layout_basic

Skill      XL: |  1  2  3  4  5 |
---------------+----------------+-----
Armour         | 1 2 |  2.9
Invocations    | 1 2 |  2.3
Stealth        | 1 2 |  2.1
Fighting       | 4 |  4.8
Short Blades   | 4 |  4.3
Dodging        | 4 |  4.4

Action                     |  1- 3 |  4- 6 || total
---------------------------+-------+-------++-------
  Melee: Short sword       |    82 |    72 ||   154
         Headbutt          |    25 |    19 ||    44
 Invoke: Stomp             |       |     2 ||     2
   Stab: Paralysed         |       |     1 ||     1
 Armour: Robe              |    12 |    12 ||    24
  Dodge: Dodged            |    45 |    33 ||    78

Table legend: (Time is in decaauts)
 A = Elapsed time spent in this place.
 B = Non-inter-level travel time spent in this place.
 C = Inter-level travel time spent in this place.
 D = Time resting spent in this place.
 E = Time spent auto-exploring this place.
 F = Levels seen in this place.
 G = Mean time per level.
                   A        B        C        D        E       F      G
               +--------+--------+--------+--------+--------+-----+--------+
         Total |   2589 |   2463 |    126 |      0 |   2099 |   4 |  647.2 |
       Dungeon |   2589 |   2463 |    126 |      0 |   2099 |   4 |  647.2 |
               +--------+--------+--------+--------+--------+-----+--------+

Top non-repeatable levels by time:
     D:2: 763 daAuts
     D:3: 739 daAuts
     D:1: 597 daAuts
     D:4: 489 daAuts
